 Dungeon Crawl Stone Soup version 0.21.1-1-g345015fe64 (webtiles) character file.

130 Gargoyl the Skirmisher (level 4, -4/38 HPs)
             Began as a Centaur Abyssal Knight on June 4, 2018.
             Was a Follower of Lugonu.
             Slain by Edmund
             ... wielding a +1 dire flail of protection
              (7 damage)
             ... on level 4 of the Dungeon.
             The game lasted 00:05:14 (2885 turns).

Gargoyl the Skirmisher (Centaur Abyssal Knight)     Turns: 2885, Time: 00:05:14

Health: -4/38      AC: 10    Str: 14    XL:     4   Next: 89%
Magic:  6/6        EV:  0    Int: 11    God:    Lugonu [*.....]
Gold:   192        SH: 11    Dex: 10    Spells: 3/3 levels left

rFire    . . .     SeeInvis .   a - +1 hand axe
rCold    . . .     Gourm    .   d - +0 large shield {AC+3}
rNeg     . . .     Faith    .   m - +0 chain mail
rPois    .         Spirit   .   (no helmet)
rElec    .         Reflect  .   (no cloak)
rCorr    .         Harm     .   (no gloves)
MR       .....                  (no barding)
Stlth    ..........             (no amulet)
HPRegen  0.12/turn              (no ring)
MPRegen  0.10/turn              (no ring)

@: very quick
A: large, hooves 3, deformed body, speed 2, tough skin 3
a: Depart the Abyss, Renounce Religion


You were on level 4 of the Dungeon.
You worshipped Lugonu.
Lugonu was aware of your devotion.
You were not hungry.

You visited 1 branch of the dungeon, and saw 4 of its levels.
You visited the Abyss 1 time.

You collected 192 gold pieces.

Inventory:

Hand Weapons
 a - a +1 hand axe (weapon)
Armour
 d - a +0 large shield of protection (worn)
 m - a +0 chain mail (worn)
Jewellery
 h - a +2 ring of evasion {unknown}
Scrolls
 e - a scroll of magic mapping
 f - a scroll of amnesia
 l - 4 scrolls of identify
Potions
 b - 2 potions of heal wounds {unknown}
 g - a potion of degeneration {unknown}
 i - a potion of mutation {unknown}
 k - a potion of magic
Comestibles
 c - a ration


   Skills:
 + Level 3.3 Fighting
 + Level 2.4 Axes
 * Level 2.3 Armour
 + Level 1.1 Dodging
 + Level 1.2 Shields
 * Level 3.0 Invocations


You had 3 spell levels left.
You didn't know any spells.

Dungeon Overview and Level Annotations

Branches:
Dungeon (4/15)
 Temple: D:4-7

Altars:

Annotations:
D:3 Gargoyl's ghost, amateur CeAK
D:4 Edmund


Innate Abilities, Weirdness & Mutations

You have hooves in place of feet.
Armour fits poorly on your strangely shaped body.
You cover ground very quickly.
You have extremely tough skin. (AC +3)


Message History

Edmund is moderately wounded.
You block Edmund's attack.
An orc comes into view.
Your shield prevents you from hitting Edmund.
Edmund is moderately wounded.
The orc shouts!
Edmund hits you with a dire flail of protection.
You hit Edmund but do no damage. Your kick misses Edmund.
Edmund is moderately wounded.
Edmund hits you but does no damage.
A leopard gecko and an ogre come into view.
You closely miss Edmund.
The leopard gecko hisses angrily.
The ogre shouts!
Your kick misses Edmund.
Edmund is moderately wounded.
Edmund hits you with a dire flail of protection!
* * * LOW HITPOINT WARNING * * *
Edmund says, "A flail is better than a scythe, any day of the week!"
Edmund hits you with a dire flail of protection!
You die... .O. #l# #.# #.# .oo

#o# #@#
#@##########
#..........#
########.###
######.####.#
#...........#
##.####.######
..<.....#
.#.###..###
........#<#


You could see Edmund, an ogre, 3 orcs and a leopard gecko.

Vanquished Creatures
  A centaur skeleton (D:4)
  3 adders
  4 worms
  2 dart slugs (D:1)
  An orc (D:3)
  4 giant cockroaches
  6 goblins
  4 hobgoblins
  7 jackals
  5 kobolds
  A ball python (D:2)
  11 bats
  2 frilled lizards
  7 rats
58 creatures vanquished.

Notes
Turn   | Place    | Note
-------+----------+-------------------------------------------
     0 | Abyss:1  | Gargoyl the Centaur Abyssal Knight began the quest for the Orb.
     0 | Abyss:1  | Reached XP level 1. HP: 19/19 MP: 2/2
    64 | Abyss:1  | Noticed a small abomination
    65 | Abyss:1  | Noticed a tentacled starspawn
    69 | D:1      | Escaped the Abyss
   455 | D:1      | Reached XP level 2. HP: 26/26 MP: 3/3
   533 | D:1      | Reached * piety under Lugonu
  1429 | D:2      | Reached XP level 3. HP: 31/31 MP: 4/4
  1536 | D:2      | Reached skill level 1 in Dodging
  1907 | D:2      | Reached skill level 1 in Shields
  1907 | D:2      | Reached XP level 4. HP: 38/38 MP: 4/6
  2301 | D:3      | Noticed Gargoyl's ghost (amateur CeAK)
  2872 | D:4      | Noticed Edmund
  2885 | D:4      | Noticed an ogre
  2885 | D:4      | Slain by Edmund

Skill      XL: |  1  2  3  4 |
---------------+-------------+-----
Axes           | 2 |  2.4
Dodging        | 1 |  1.1
Armour         | 2 |  2.3
Shields        | 1 |  1.2
Invocations    | 3 |  3.0
Fighting       | |  3.3

Action                   |  1- 3 |  4- 6 || total
-------------------------+-------+-------++-------
Melee: Hand axe          |   127 |    72 ||   199
       Kick              |    11 |    13 ||    24
Invok: Depart the Abyss  |     1 |       ||     1
  Use: Scroll            |     8 |       ||     8
       Potion            |       |     1 ||     1
  Eat: Chunk             |     2 |     1 ||     3
       Ration            |       |     1 ||     1
Armor: Leather armour    |    69 |       ||    69
       Chain mail        |    56 |    52 ||   108
Dodge: Dodged            |    28 |       ||    28
Block: Large shield      |   103 |    61 ||   164
